 Dungeon Crawl Stone Soup version 0.30-a0-570-g486de37d69 (webtiles) character file.

Game seed: 12781370416292777894

21 rsvaco the Trooper (level 2, -1/24 HPs)
             Began as a Demonspawn Berserker on Dec 29, 2022.
             Was a Follower of Trog.
             Frozen to death by an endoplasm (4 damage)
             ... on level 1 of the Dungeon.
             The game lasted 00:02:11 (144 turns).

rsvaco the Trooper (Demonspawn Berserker)            Turns: 144, Time: 00:02:11

Health: -1/24      AC:  0    Str: 17    XL:     2   Next: 62%
Magic:  2/2        EV: 12    Int:  8    God:    Trog [*.....]
Gold:   9          SH:  0    Dex: 12    Spells: 1/1 levels left

rFire   . . .      SeeInvis .    a - +0 falchion
rCold   . . .      Faith    .    (no shield)
rNeg    . . .      Spirit   .    (no body armour)
rPois   .          Reflect  .    (helmet restricted)
rElec   .          Harm     .    (no cloak)
rCorr   .          Rampage  .    (no gloves)
Will    .....                    (no boots)
Stlth   +                        (no amulet)
HPRegen 0.24/turn                (no ring)
MPRegen 0.08/turn                (no ring)

@: no status effects
A: horns 1
a: Renounce Religion, Berserk


You were on level 1 of the Dungeon.
You worshipped Trog.
Trog was aware of your devotion.
You visited 1 branch of the dungeon, and saw 1 of its levels.

You collected 9 gold pieces.

Inventory:

Hand Weapons
 a - a +0 falchion (weapon)
Missiles
 d - 3 stones (quivered)
Armour
 b - a +0 animal skin
 f - a +0 leather armour
Scrolls
 c - a scroll of immolation {unknown}
 e - a scroll of fear {unknown}


   Skills:
 + Level 3.4 Fighting
 + Level 3.0 Long Blades
 + Level 1.7 Armour
 + Level 2.0 Dodging
 + Level 0.4 Stealth


You had one spell level left.
You didn't know any spells.
Your spell library was empty.

Dungeon Overview and Level Annotations

Branches:
Dungeon (1/15)

Altars:


Innate Abilities, Weirdness & Mutations

You have a pair of small horns on your head.


Message History

The kobold shouts!
You hear a shout!
The endoplasm quivers.
You see here a +0 leather armour.
f - a +0 leather armour You start removing your armour.
You continue taking off your +0 animal skin.
The kobold throws a stone.
Keep disrobing? [Y]es or [N]o only, please.
Keep disrobing?
Uppercase [Y]es or [N]o only, please.
Keep disrobing?
The stone hits you.
You continue taking off your +0 animal skin. x3
The kobold hits you but does no damage. The endoplasm freezes you.
You are frozen.
You finish taking off your +0 animal skin.
You are too injured to fight recklessly!
You are too injured to fight recklessly!
You hit the kobold. Your headbutt misses the kobold.
The kobold is severely wounded.
The kobold completely misses you. The endoplasm misses you.
You closely miss the kobold. You headbutt the kobold.
You kill the kobold!
Trog accepts your kill. The endoplasm freezes you.
You are frozen.
The endoplasm freezes you.
You are frozen.
* * * LOW HITPOINT WARNING * * *
The endoplasm misses you. The hobgoblin hits you.
* * * LOW HITPOINT WARNING * * *
Things that are here:
a +0 short sword; a stone You closely miss the hobgoblin.
The hobgoblin hits you.
* * * LOW HITPOINT WARNING * * *
The endoplasm freezes you.
You are frozen.
You die...

.#........ ... ... ...
......##.##### # ..
#.....##...##.#.... #.
..#.....##...##.#.###
...#.#. ...##......#.###
..... .......)........
... ##.##..)#.#.....
#..#.#.###.##...#.#.....
#.....g@........#.#.....
#.##.#.J.#.##...........
................##..#.
...........†...........
........................
......................
#...............(..:..
#.##..#.#..#...♣.~~##.
#..#.#..#..~~.P~~


You could see an endoplasm and a hobgoblin.

Vanquished Creatures
  4 endoplasms (D:1)
  A giant cockroach (D:1)
  A goblin (D:1)
  A hobgoblin (D:1)
  3 jackals (D:1)
  3 kobolds (D:1)
  2 ball pythons (D:1)
  2 rats (D:1)
17 creatures vanquished.

Notes
Turn   | Place    | Note
-------+----------+-------------------------------------------
     0 | D:1      | rsvaco the Demonspawn Berserker began the quest for the
                  | Orb.
     0 | D:1      | Reached XP level 1. HP: 18/18 MP: 1/1
    80 | D:1      | Gained mutation: You have a pair of small horns on your
                  | head. [demonic ancestry]
    80 | D:1      | Reached XP level 2. HP: 24/24 MP: 2/2
   144 | D:1      | Frozen to death by an endoplasm

Illustrated notes

Levels and vault maps discovered:
D:1:      shiori_arrival_oz, layout_basic, serial_bayou_lagoon_b

Skill      XL: |  1  2 |
---------------+-------+-----
Dodging        | 2 |  2.0
Long Blades    | 3 |  3.0
Fighting       | |  3.4
Armour         | |  1.7
Stealth        | |  0.4

Action                   || total
-------------------------++-------
Melee: Falchion          ||    47
       Headbutt          ||     4
 Stab: Sleeping          ||     2
Armor: Animal skin       ||    10
Dodge: Dodged            ||    51

Table legend: (Time is in decaauts)
 A = Elapsed time spent in this place.
 B = Non-inter-level travel time spent in this place.
 C = Inter-level travel time spent in this place.
 D = Time resting spent in this place.
 E = Time spent auto-exploring this place.
 F = Levels seen in this place.
 G = Mean time per level.
                   A        B        C        D        E       F      G
               +--------+--------+--------+--------+--------+-----+--------+
         Total |    151 |    133 |     18 |      0 |     27 |   1 |  151.0 |
       Dungeon |    151 |    133 |     18 |      0 |     27 |   1 |  151.0 |
               +--------+--------+--------+--------+--------+-----+--------+

Top non-repeatable levels by time:
     D:1: 151 daAuts
